 Dungeon Crawl Stone Soup version 0.31.0-4-g52a2dc7128 (webtiles) character file.

Game seed: 5268334695975891329

368 Destapler the Apothecary (level 6, 0/32 HPs)
             Began as a Spriggan Alchemist on Jan 21, 2024.
             Killed from afar by Blork the orc (9 damage)
             ... with a puff of flame
             ... on level 4 of the Dungeon.
             The game lasted 00:16:19 (4984 turns).

Destapler the Apothecary (Spriggan Alchemist)       Turns: 4984, Time: 00:16:19

Health: 0/32       AC:  2    Str: 10    XL:     6   Next: 41%
Magic:  4/13       EV: 17    Int: 19    God:
Gold:   223        SH:  0    Dex: 15    Spells: 10/13 levels left

rFire   . . .        a - +4 dagger
rCold   . . .        (no shield)
rNeg    . . .        r - +0 robe
rPois   .            (helmet restricted)
rElec   .            (no cloak)
rCorr   .            (gloves unavailable)
SInv    +            (boots unavailable)
Will    +....        (no amulet)
Stlth   ++           d - +6 ring of strength
HPRegen 0.25/turn    (no ring)
MPRegen 0.13/turn

%: no passive effects
@: about to teleport, very quick
A: very small, no large weapons, unfitting armour, see invisible, speed 3
a: no special abilities


You were on level 4 of the Dungeon.
You visited 1 branch of the dungeon, and saw 4 of its levels.

You collected 223 gold pieces.

Inventory:

Hand Weapons
 a - a +4 dagger (weapon)
Missiles
 h - 6 poisoned darts
Armour
 r - a +0 robe (worn)
Jewellery
 d - a +6 ring of strength (left hand)
Wands
 e - a wand of charming (11)
Scrolls
 c - a scroll of noise {unknown}
 g - a scroll of poison {unknown}
 i - a scroll of vulnerability {unknown}
 m - a scroll of blinking
 q - a scroll of identify
 s - a scroll of fear {unknown}
Potions
 b - a potion of magic
 f - 2 potions of attraction
 j - 2 potions of curing
 k - a potion of resistance
 l - a potion of degeneration
 n - a potion of invisibility {unknown}
 o - 2 potions of heal wounds


   Skills:
 - Level 3.0 Fighting
 * Level 0.8 Short Blades
 + Level 3.1 Dodging
 + Level 3.6 Stealth
 - Level 4.0 Spellcasting
 - Level 1.0 Conjurations
 - Level 3.0 Air Magic
 - Level 4.0 Alchemy


You had 10 spell levels left.
You knew the following spells:

 Your Spells              Type           Power      Damage    Failure   Level
a - Sting                 Conj/Alch      52%        1d6       4%          1
b - Mercury Vapours       Alch/Air       34%        N/A       4%          2

Your spell library contained the following spells:

 Spells                   Type           Power      Damage    Failure   Level
 Cigotuvi's Dreadful Rot  Necr/Alch/Air  24%        N/A       9%          2
 Mephitic Cloud           Conj/Alch/Air  13%        N/A       14%         3
 Olgreb's Toxic Radiance  Alch           19%        N/A       26%         4
 Sticky Flame             Fire/Alch      11%        2d5       52%         4
 Dispel Undead            Necr           3%         3d7       80%         4
 Martyr's Knell           Necr/Summ      3%         N/A       80%         4
 Summon Forest            Summ/Tloc      1%         N/A       98%         5
 Eringya's Noxious Bog    Alch           9%         4d6       99%         6
 Death Channel            Necr           1%         N/A       100%        6
 Summon Hydra             Summ           1%         N/A       100%        7


Dungeon Overview and Level Annotations

Branches:
Dungeon (4/15)
 Temple: D:4-7

Altars:
Trog

Shops:
D:2 :

Annotations:
D:4 Blork the orc


Innate Abilities, Weirdness & Mutations

You are very small and have problems with some larger weapons.
You are too small for most types of armour.
You have supernaturally acute eyesight. (SInv)
You cover ground extremely quickly. (Speed+++)


Message History

Casting: Sting (safe; 4% risk of failure)
Confirm with . or Enter, or press ? or * to list all spells.
Aiming: Sting (safe; 4% risk of failure)
Press: ? - help, Shift-Dir - straight line, f/p - Blork the orc
Aim: Blork the orc, wielding a +4 heavy trident and wearing a +1 robe of resistance (lightly wounded, very poisoned, weak, 75% to hit)
The sting hits Blork the orc.
Blork the orc looks as sick as possible!
Blork the orc is moderately wounded.
Blork the orc closely misses you.
Unknown command.
Casting: Sting (safe; 4% risk of failure)
Confirm with . or Enter, or press ? or * to list all spells.
Aiming: Sting (safe; 4% risk of failure)
Press: ? - help, Shift-Dir - straight line, f/p - Blork the orc
Aim: Blork the orc, wielding a +4 heavy trident and wearing a +1 robe of resistance (moderately wounded, extremely poisoned, weak, 75% to hit)
The sting hits Blork the orc.
Blork the orc looks as sick as possible!
Blork the orc is moderately wounded.
Blork the orc casts a spell at you. The puff of flame hits you!
Unknown command.
Casting: Sting (safe; 4% risk of failure)
Confirm with . or Enter, or press ? or * to list all spells.
Aiming: Mercury Vapours (safe; 4% risk of failure)
Press: ? - help, Dir - move target, f/p - Blork the orc
Aim: Blork the orc, wielding a +4 heavy trident and wearing a +1 robe of resistance (heavily wounded, extremely poisoned, weak, chance to weaken: 100%) Fumes of mercury billow around Blork the orc!
Blork the orc looks as sick as possible!
Blork the orc looks even weaker.
The quokka looks weaker.
Blork the orc hits you from afar with a +4 heavy trident!
* * * LOW HITPOINT WARNING * * *
Unknown command.
As you read the scroll labelled XYRILLI NOGHOT, it crumbles to dust.
You feel strangely unstable.
It was a scroll of teleportation.
Okay, then.
The scorpion attacks as it pursues you! The scorpion misses you.
The scorpion misses you.
Blork the orc gestures at you while chanting.
The puff of flame hits you!
You die...

...
#....._...##
.....##.#...#
....# #.....##
...#
###.....## ...
#.#......# .
..##.#..#..##
...........##
............#
.........r.@#
..........s.##
##....o#....#
......####..##
...... #.##
##..# ### #.
.. .


You could see Blork the orc (very poisoned, weak), a scorpion and a quokka
(weak).

Vanquished Creatures
  Sigmund (D:3)
  Natasha (thrice) (D:3)
  Ijyb (D:4)
  Robin (D:4)
  5 adders
  A dart slug (D:3)
  A ribbon worm (D:2)
  10 ball pythons
  5 endoplasms
  7 goblins
  8 hobgoblins
  3 quokkas
  A frilled lizard (D:2)
  7 kobolds
  3 rats
57 creatures vanquished.

Notes
Turn   | Place    | Note
-------+----------+-------------------------------------------
     0 | D:1      | Destapler the Spriggan Alchemist began the quest for the
                  | Orb.
     0 | D:1      | Reached XP level 1. HP: 9/9 MP: 5/5
   192 | D:1      | Reached skill level 1 in Conjurations
   396 | D:1      | Reached XP level 2. HP: 7/13 MP: 2/6
  1046 | D:2      | Found Dadituz's Book Emporium.
  1142 | D:2      | Reached XP level 3. HP: 10/16 MP: 3/9
  1283 | D:2      | Learned a level 2 spell: Mercury Vapours
  1720 | D:3      | Reached skill level 1 in Fighting
  1809 | D:3      | Noticed Sigmund
  2080 | D:3      | Reached XP level 4. HP: 22/22 MP: 7/11
  2314 | D:3      | Killed Sigmund
  2315 | D:3      | Reached XP level 5. HP: 16/26 MP: 3/12
  2508 | D:3      | Noticed Natasha
  2514 | D:3      | Killed Natasha
  3014 | D:3      | Noticed Natasha
  3023 | D:3      | Killed Natasha
  3024 | D:3      | Reached XP level 6. HP: 26/32 MP: 7/13
  3552 | D:3      | Noticed Natasha
  3557 | D:3      | Killed Natasha
  4362 | D:4      | Noticed Ijyb
  4564 | D:4      | Killed Ijyb
  4672 | D:4      | Noticed Robin
  4851 | D:4      | Killed Robin
  4945 | D:4      | Found a bloodstained altar of Trog.
  4968 | D:4      | Noticed Blork the orc
  4984 | D:4      | Killed from afar by Blork the orc

Illustrated notes

Levels and vault maps discovered:
D:1:      scummos_arrival_simple_crosswalls, layout_loops_ring, serial_forest,
          infiniplex_forest_zigzag_2, infiniplex_forest_clump_double,
          infiniplex_forest_lined_room_, infiniplex_forest_straight_5,
          infiniplex_forest_lined_2, infiniplex_forest_end_1
D:2:      layout_rooms, serial_shops, nicolae_shop_pleasant_corner_grove,
          chequers_serial_rivers_micro_a, solitary_fountain,
          kennysheep_generic_room_11
D:3:      layout_loops_corners, uniq_natasha, uniq_sigmund
D:4:      layout_cave_pools, lemuel_crystal_altar, uniq_blork_the_orc,
          uniq_ijyb, uniq_robin

Skill      XL: |  1  2  3  4  5  6 |
---------------+-------------------+-----
Conjurations   | 1 |  1.0
Dodging        | 3 |  3.1
Spellcasting   | 3 4 |  4.0
Alchemy        | 4 |  4.0
Fighting       | 1 2 3 |  3.0
Air Magic      | 2 3 |  3.0
Short Blades   | |  0.8
Stealth        | |  3.6

Action                     |  1- 3 |  4- 6 || total
---------------------------+-------+-------++-------
  Melee: Unarmed           |    14 |       ||    14
         Dagger            |    19 |    21 ||    40
         Punch             |     1 |       ||     1
   Cast: Sting             |    58 |    63 ||   121
         Mercury Vapours   |     3 |    19 ||    22
    Use: Scroll            |       |     8 ||     8
         Potion            |       |     1 ||     1
   Stab: Sleeping          |     1 |     2 ||     3
 Armour: Robe              |    10 |    45 ||    55
  Dodge: Dodged            |    37 |    85 ||   122
